 Dungeon Crawl Stone Soup version 0.25-a0-942-g87a53962fc (webtiles) character file.

Game seed: 2608766731069798791, levelgen mode: deterministic

39269 Maedhros the Octopoid Catastrophe (level 14, -1/97 HPs)
             Began as an Octopode Fighter on May 6, 2020.
             Was an Elder of Qazlal.
             Hit by a silver javelin thrown by a minotaur (3 damage)
             ... in a Gauntlet.
             The game lasted 00:40:12 (20293 turns).

Maedhros the Octopoid Catastrophe (OpFi)           Turns: 20293, Time: 00:40:13

Health: -1/97      AC:  6    Str: 19    XL:     14   Next: 5%
Magic:  22/22      EV: 19    Int: 13    God:    Qazlal [****..]
Gold:   1006       SH: 19    Dex: 16    Spells: 9/18 levels left

rFire    + . .     SeeInvis .   m - +7 dagger "Efulio Gyag" {vamp, +Blink Str+4}
rCold    + . .     Gourm    .   z - +2 kite shield {AC+3}
rNeg     + . .     Faith    +   (helmet restricted)
rPois    +         Spirit   .   q - amulet of Apry {Faith Int+4}
rElec    .         Reflect  .   i - ring of wizardry
rCorr    .         Harm     .   G - ring of protection from fire
MR       +....     NoTele   +   (no ring)
Stlth    ++........             K - ring of Afotiruf {rC+ rN+}
HPRegen  0.26/turn              b - ring of poison resistance
MPRegen  0.18/turn              (no ring)
                                (no ring)
                                (no ring)

@: mighty, very slightly contaminated, invisible, repel missiles
A: almost no armour, stealthy swim, amphibious, 8 rings, constrict 8, molten
scales 1, camouflage 1, dopey 1, gelatinous body 1, MP-powered wands
a: Upheaval, Elemental Force, Renounce Religion, Evoke Blink


You were in a Gauntlet.
You worshipped Qazlal.
Qazlal was greatly pleased with you.
You were very hungry.

You visited 3 branches of the dungeon, and saw 16 of its levels.
You also visited: Gauntlet and Ice Cave.

You collected 1549 gold pieces.
You spent 543 gold pieces at shops.

Inventory:

Hand Weapons
 a - a +0 trident
 l - a +8 club
 m - the +7 dagger "Efulio Gyag" (weapon) {vamp, +Blink Str+4}
   (You took it off a kobold on level 5 of the Dungeon)

   It inflicts no extra harm, but heals its wielder when it wounds a living foe.
   It affects your strength (+4).
   It lets you blink.
 o - a +0 hunting sling
Missiles
 f - 17 poisoned darts
 p - 109 sling bullets
 s - 252 stones (quivered)
 P - 2 curare-tipped darts
Armour
 z - a +2 kite shield of protection (worn)
Jewellery
 b - a ring of poison resistance (on tentacle)
 i - a ring of wizardry (left tentacle)
 j - the ring of Getsoa {rN+ SInv, unknown}
   (You found it in a Gauntlet)

   [ring of see invisible]

   It protects you from negative energy.
   It lets you see invisible.
 q - the amulet of Apry (around mantle) {Faith Int+4}
   (You found it on level 4 of the Dungeon)

   [amulet of faith]

   It allows you to gain divine favour quickly.
   It affects your intelligence (+4).
 v - an uncursed amulet of the gourmand
 G - a ring of protection from fire (right tentacle)
 H - an uncursed ring of fire
 K - the ring of Afotiruf (on tentacle) {rC+ rN+}
   (You found it on level 10 of the Dungeon)

   [ring of positive energy]

   It protects you from cold.
   It protects you from negative energy.
Wands
 n - a wand of random effects (22)
 C - a wand of iceblast (5)
 F - a wand of flame (21)
Scrolls
 e - 2 scrolls of enchant weapon
 h - 3 scrolls of remove curse
 k - a scroll of acquirement {unknown}
 u - 2 scrolls of amnesia
 w - a scroll of blinking
 x - a scroll of fog
 y - 4 scrolls of teleportation
 B - 3 scrolls of torment
 D - a scroll of fear
 E - a scroll of brand weapon
 M - a scroll of random uselessness {unknown}
Potions
 g - a potion of brilliance
 r - 2 potions of might
 N - a potion of haste
Comestibles
 d - 36 rations


   Skills:
 - Level 9.1 Fighting
 - Level 8.5 Short Blades
 - Level 7.6 Polearms
 + Level 9.5 Dodging
 + Level 9.6 Shields
 * Level 2.9 Spellcasting
 * Level 7.0 Ice Magic
 - Level 5.0 Air Magic
 - Level 6.0 Poison Magic
 * Level 11.3 Invocations


You had 9 spell levels left.
You knew the following spells:

 Your Spells              Type           Power        Failure   Level  Hunger
a - Mephitic Cloud        Conj/Pois/Air  ##......     12%         3    ###....
b - Ozocubu's Refrigerat  Ice            ###.......   80%         6    #######

Your spell library contained the following spells:

 Spells                   Type           Power        Failure   Level  Hunger
 Freeze                   Ice            ###.         1%          1    #......
 Poisonous Vapours        Pois/Air       ###...       3%          2    ###....
 Sting                    Tmut/Pois      #...         6%          1    #......
 Ensorcelled Hibernation  Hex/Ice        ##....       6%          2    ###....
 Olgreb's Toxic Radiance  Pois           ###.....     16%         4    #####..
 Sandblast                Erth           #.....       19%         1    #......
 Ignite Poison            Fire/Tmut/Pois #.......     24%         3    ###....
 Passwall                 Tmut/Erth      #.......     26%         2    ###....
 Hailstorm                Conj/Ice       ##......     38%         4    #####..
 Ice Form                 Ice/Tmut       ##......     38%         4    #####..
 Summon Ice Beast         Ice/Summ       ##......     38%         4    #####..
 Stone Arrow              Conj/Erth      #.....       45%         3    ###....
 Metabolic Englaciation   Hex/Ice        ##........   71%         5    ######.
 Alistair's Intoxication  Tmut/Pois      #.......     80%         5    ######.
 Petrify                  Tmut/Erth      #.......     86%         4    #####..
 Lee's Rapid Deconstruct  Erth           #.........   99%         5    ######.
 Freezing Cloud           Conj/Ice/Air   ##........   99%         6    #######
 Simulacrum               Ice/Necr       ##........   99%         6    #######


Dungeon Overview and Level Annotations

Branches:
Dungeon (12/15)            Temple (0/1) D:5            Lair (2/6) D:8
    Orc (2/2) D:9             Elf (0/3) Orc:2         IceCv (visited)
Gauntlet (1/1)
  Swamp: Lair:2-4    Shoals: Lair:2-4     Snake: Lair:2-4    Spider: Lair:2-4

Altars:
Ashenzari
Cheibriados
Dithmenos
Elyvilon
Gozag
Hepliaklqana
Makhleb
Nemelex Xobeh
Qazlal
Ru
Sif Muna
Trog
Vehumet
Xom
Zin
The Shining One
Beogh

Shops:
D:6 [   D:9 *   Orc:2 [[(?*

Annotations:
D:9 2 transporters, Jielooc's ghost, novice DEFE Gauntlet 8 transporters, 5 runed translucent doors


Innate Abilities, Weirdness & Mutations

You cannot wear most types of armour.
You are very stealthy in the water. (Stealth+)
You are amphibious.
You can wear up to eight rings at the same time.
You can use your tentacles to constrict eight enemies at once.
Your skin changes colour to match your surroundings (Stealth+).
Your rubbery body absorbs attacks. (AC +1, EV +1)
You are partially covered in molten scales. (AC +2)
You are dopey. (Int -2)
You expend magic power (3 MP) to strengthen your wands.


Message History

The silver javelin completely misses you.
You feel better.
The minotaur throws a silver javelin.
The silver javelin pierces through you!!
The silver sears you!
* * * LOW HITPOINT WARNING * * *
You feel better.
The minotaur throws a silver javelin.
The silver javelin completely misses you.
You feel better.
The minotaur throws a silver javelin.
The silver javelin completely misses you.
You feel better.
The minotaur throws a silver javelin.
The silver javelin pierces through you!!
* * * LOW HITPOINT WARNING * * *
The silver sears you!
* * * LOW HITPOINT WARNING * * *
Okay, then.
The minotaur throws a silver javelin.
The silver javelin pierces through you!!
* * * LOW HITPOINT WARNING * * *
The silver sears you!
You die...

#.#.# #.# #.#.###H# #(#((...#
#.####### #.....# #####.#
#######H####### #....§........#
##.(§@.©§©...##
############..(○.....##########
###≈#§#≈#≈#≈#############≈#§#≈#≈#
#≈..§...........8.∩.8............
##...............................
#≈..#########.#########.#########
##..##.#©#.##.####©####.#.[#©#..#
#≈..#.#[#.#.#.###W/W###.#)?#.#..#
##..##.#.#.##.#."+##..#.###+++..#


You could see a minotaur and 2 shadows.

Vanquished Creatures
  An orc warlord (Orc:2)
  Snorg (Orc:2)
  An ettin (Orc:2)
  A hydra (Lair:1)
  A death scarab (Gauntlet)
  4 two-headed ogres
  A tengu warrior (Gauntlet)
  An orc high priest (Orc:2)
  2 orc knights
  A deep elf mage (D:12)
  A manticore (D:11)
  4 orc sorcerers
  3 ugly things
  A cyclops (Orc:1)
  2 ice statues (IceCv)
  A black mamba (Lair:2)
  2 gargoyles
  3 spiny frogs
  3 komodo dragons
  A rime drake (Lair:2)
  An efreet (D:11)
  2 tengu conjurers (Gauntlet)
  3 ice devils (Gauntlet)
  A queen bee (D:11)
  4 trolls
  A hornet (D:11)
  5 hippogriffs
  A wraith (D:11)
  A shadow (D:12)
  A spriggan (D:7)
  3 vampires
  18 yaks
  2 basilisks (D:8)
  A human (shapeshifter) (D:11)
  4 hungry ghosts
  A soldier ant (D:12)
  5 wargs
  A spectral spiny frog (Gauntlet)
  3 water moccasins
  A sky beast (D:7)
  7 porcupines
  11 ice beasts
  34 orc warriors
  A necrophage (D:8)
  An eye of draining (D:12)
  A black bear (D:9)
  10 ogres
  3 phantoms
  7 centaurs
  8 crocodiles
  3 big kobolds
  14 bullfrogs
  2 wyvern zombies
  2 gnoll sergeants (D:6)
  3 jellies
  4 scorpions
  30 killer bees
  5 wights
  4 crimson imps
  2 howler monkeys
  2 centaur zombies
  3 hounds
  3 centaur skeletons
  26 orc priests
  25 orc wizards
  3 iguanas
  6 worker ants
  2 hound zombies
  2 worker ant zombies
  Robin (D:2)
  25 gnolls
  18 adders
  3 shadow imps
  4 oozes
  2 adder skeletons (D:9)
  An adder zombie (D:9)
  4 worms (D:2)
  4 dart slugs
  3 leopard geckos
  97 orcs
  5 ball pythons
  12 bats
  11 giant cockroaches
  20 goblins
  11 hobgoblins
  13 jackals
  23 kobolds
  7 quokkas
  4 frilled lizards
  A leopard gecko zombie (D:7)
  A quokka skeleton (D:4)
  10 rats
  A plant (D:8)
599 creatures vanquished.

Vanquished Creatures (others)
  An orc wizard (D:12)
  An adder (D:12)
  A plant (D:8)
3 creatures vanquished.

Grand Total: 602 creatures vanquished

Notes
Turn   | Place    | Note
-------+----------+-------------------------------------------
     0 | D:1      | Maedhros the Octopode Fighter began the quest for the Orb.
     0 | D:1      | Reached XP level 1. HP: 16/16 MP: 1/1
    46 | D:1      | Reached XP level 2. HP: 21/21 MP: 2/2
   423 | D:1      | Reached XP level 3. HP: 26/26 MP: 3/3
   865 | D:1      | Reached XP level 4. HP: 31/31 MP: 4/4
  1188 | D:2      | Noticed a moth of wrath
  1191 | D:2      | Found a bloodstained altar of Trog.
  1450 | D:2      | Noticed Robin
  1469 | D:2      | Killed Robin
  1469 | D:2      | Reached skill level 5 in Polearms
  1469 | D:2      | Reached XP level 5. HP: 29/36 MP: 5/5
  2073 | D:2      | Found a stormy altar of Qazlal.
  2166 | D:2      | Became a worshipper of Qazlal Stormbringer
  2797 | D:3      | Reached XP level 6. HP: 31/42 MP: 6/6
  3048 | D:3      | Found a white marble altar of Elyvilon.
  3104 | D:3      | Found a glowing silver altar of Zin.
  3104 | D:3      | Found a shimmering altar of Xom.
  3106 | D:3      | Found an opulent altar of Gozag.
  3106 | D:3      | Found a bloodstained altar of Trog.
  3106 | D:3      | Found a hazy altar of Hepliaklqana.
  3222 | D:3      | Found a snail-covered altar of Cheibriados.
  3544 | D:4      | Got a wavering ruby amulet
  3559 | D:4      | Identified the amulet of Apry {Faith Int+4} (You found it
                  | on level 4 of the Dungeon)
  3799 | D:4      | Reached * piety under Qazlal
  4736 | D:4      | Found a radiant altar of Vehumet.
  4745 | D:4      | Found a sparkling altar of Nemelex Xobeh.
  4745 | D:4      | Found a white marble altar of Elyvilon.
  4746 | D:4      | Found a shadowy altar of Dithmenos.
  4748 | D:4      | Found a glowing golden altar of the Shining One.
  4810 | D:4      | Reached XP level 7. HP: 46/46 MP: 7/7
  5107 | D:5      | Entered Level 5 of the Dungeon
  5806 | D:5      | Reached ** piety under Qazlal
  5891 | D:5      | Reached XP level 8. HP: 48/54 MP: 8/8
  6133 | D:5      | Identified the +7 dagger "Efulio Gyag" {vamp, +Blink Str+4}
  6133 | D:5      | Identified the cursed +1 ring mail of Rotation {*Contam
                  | Dex+7 SInv}
  6418 | D:5      | Found a shattered altar of Ashenzari.
  6428 | D:5      | Found a staircase to the Ecumenical Temple.
  7077 | D:6      | Found Suoli's Antique Armour Shoppe.
  7085 | D:6      | Reached skill level 1 in Short Blades
  7102 | D:6      | Bought a glowing kite shield for 165 gold pieces
  7139 | D:6      | Reached skill level 5 in Fighting
  7139 | D:6      | Reached skill level 5 in Shields
  7159 | D:6      | Reached skill level 5 in Dodging
  7164 | D:6      | Reached *** piety under Qazlal
  7202 | D:6      | Reached XP level 9. HP: 34/61 MP: 9/9
  7476 | D:6      | Found a burning altar of Makhleb.
  7932 | D:7      | Found a shimmering blue altar of Sif Muna.
  8068 | D:7      | Reached **** piety under Qazlal
  8123 | D:7      | Reached skill level 5 in Short Blades
  8489 | D:8      | Reached skill level 1 in Invocations
  8499 | D:8      | Reached skill level 2 in Invocations
  8514 | D:8      | Found a staircase to the Lair.
  8530 | D:8      | Reached XP level 10. HP: 44/69 MP: 11/11
  8541 | D:8      | Reached skill level 3 in Invocations
  8604 | D:8      | Noticed a two-headed ogre
  8680 | D:8      | Killed a two-headed ogre
  8680 | D:8      | Reached skill level 4 in Invocations
  9583 | D:9      | Found a staircase to the Orcish Mines.
  9642 | D:9      | Reached skill level 5 in Invocations
  9747 | D:9      | Noticed a deep troll
  9749 | D:9      | Noticed Jielooc's ghost (novice DEFE)
 10053 | D:9      | Found a transporter.
 10061 | D:9      | Found a transporter.
 10335 | D:9      | Found Baxkab's Serpentskin Sales.
 10343 | D:9      | Reached ***** piety under Qazlal
 10427 | D:9      | Found a sacrificial altar of Ru.
 10488 | D:10     | Entered Level 10 of the Dungeon
 10488 | D:10     | Noticed a two-headed ogre
 10555 | D:9      | Killed a two-headed ogre
 10555 | D:9      | Reached XP level 11. HP: 38/75 MP: 15/15
 10842 | D:10     | Got a pitted ivory ring
 10865 | D:10     | Identified the ring of Afotiruf {rC+ rN+} (You found it on
                  | level 10 of the Dungeon)
 10887 | D:10     | Reached skill level 6 in Invocations
 10905 | D:10     | Learned a level 3 spell: Mephitic Cloud
 10988 | D:10     | Found a shattered altar of Ashenzari.
 11148 | D:10     | Reached skill level 1 in Poison Magic
 11522 | D:10     | Reached skill level 1 in Air Magic
 11891 | D:10     | You fall into a shaft and drop 1 floor!
 12065 | D:11     | Reached skill level 7 in Invocations
 12183 | D:11     | Identified Tadyotoa's Volume of Poisoning
 12271 | D:11     | Found a frozen archway.
 12280 | IceCv    | Entered an ice cave
 12341 | IceCv    | Noticed a white ugly thing
 12351 | IceCv    | Killed a white ugly thing
 12351 | IceCv    | Reached XP level 12. HP: 82/82 MP: 17/17
 12386 | IceCv    | Reached skill level 8 in Invocations
 12465 | IceCv    | Learned a level 6 spell: Ozocubu's Refrigeration
 12750 | D:11     | Noticed a two-headed ogre
 12762 | D:11     | Killed a two-headed ogre
 12762 | D:11     | Reached skill level 1 in Ice Magic
 12773 | D:11     | Noticed a two-headed ogre
 12783 | D:11     | Killed a two-headed ogre
 13243 | D:12     | Noticed a rakshasa
 13300 | D:12     | Noticed a soul eater
 13546 | D:12     | Reached skill level 9 in Invocations
 14441 | D:11     | Reached skill level 5 in Poison Magic
 14668 | D:12     | HP: 4/84 [slime creature collision (23)]
 14984 | Orc:1    | Entered Level 1 of the Orcish Mines
 15042 | D:9      | Reached XP level 13. HP: 82/90 MP: 16/20
 15736 | Orc:1    | Found a roughly hewn altar of Beogh.
 15742 | Orc:1    | You fall into a shaft and drop 1 floor!
 15742 | Orc:2    | Entered Level 2 of the Orcish Mines
 16427 | Orc:2    | Noticed Snorg
 16431 | Orc:2    | Killed Snorg
 16431 | Orc:2    | Reached skill level 10 in Invocations
 16509 | Orc:2    | Reached skill level 5 in Ice Magic
 16629 | Orc:2    | Found Kicwaghohic's Magic Scroll Emporium.
 16721 | Orc:2    | Reached skill level 5 in Air Magic
 16751 | Orc:2    | Bought a scroll of blinking for 82 gold pieces
 16751 | Orc:2    | Bought a scroll of teleportation for 33 gold pieces
 16751 | Orc:2    | Bought a scroll of fear for 38 gold pieces
 16806 | Orc:2    | Found a staircase to the Elven Halls.
 16827 | Orc:2    | Noticed an ettin
 16848 | Orc:2    | Killed an ettin
 17052 | Orc:2    | Found a roughly hewn altar of Beogh.
 17201 | Orc:2    | Noticed an orc warlord
 17252 | Orc:2    | Killed an orc warlord
 17454 | Orc:2    | Found Nasm's Antique Armour Emporium.
 17456 | Orc:2    | Found Rirewaym's Antique Weapon Shoppe.
 17456 | Orc:2    | Found a roughly hewn altar of Beogh.
 17577 | Orc:2    | Found a roughly hewn altar of Beogh.
 17633 | Orc:2    | Found a roughly hewn altar of Beogh.
 17639 | Orc:2    | Found Fifiupp's Assorted Antiques.
 17644 | Orc:2    | Bought a scroll labeled WAHIYR EMIE for 33 gold pieces
 17739 | Orc:2    | Found a roughly hewn altar of Beogh.
 17774 | Orc:2    | Found a roughly hewn altar of Beogh.
 17945 | Orc:2    | Found Nafaskin's Armour Emporium.
 18004 | Orc:2    | Bought a scroll of teleportation for 33 gold pieces
 18004 | Orc:2    | Bought a scroll of teleportation for 33 gold pieces
 18004 | Orc:2    | Bought a scroll of identify for 22 gold pieces
 18004 | Orc:2    | Bought a scroll of identify for 22 gold pieces
 18004 | Orc:2    | Bought a scroll of identify for 22 gold pieces
 18004 | Orc:2    | Bought a scroll of identify for 22 gold pieces
 18004 | Orc:2    | Bought a scroll of magic mapping for 38 gold pieces
 18057 | Lair:1   | Entered Level 1 of the Lair of Beasts
 18259 | Lair:1   | Reached skill level 1 in Spellcasting
 18491 | Lair:1   | Found a bloodstained altar of Trog.
 18808 | Lair:1   | You fall into a shaft and drop 1 floor!
 18836 | Lair:2   | Reached skill level 11 in Invocations
 18907 | Lair:2   | Found a gate leading to a gauntlet.
 18916 | Gauntlet | Entered a Gauntlet
 18916 | Gauntlet | Found a transporter.
 18916 | Gauntlet | Found a transporter.
 19207 | Gauntlet | Found a transporter.
 19225 | Gauntlet | Found a transporter.
 19225 | Gauntlet | Found a transporter.
 19226 | Gauntlet | Found a transporter.
 19228 | Gauntlet | Found a transporter.
 19228 | Gauntlet | Found a transporter.
 19236 | Gauntlet | Noticed a blizzard demon
 19240 | Gauntlet | Found a transporter.
 19254 | Gauntlet | Found a runed translucent door.
 19255 | Gauntlet | Found a transporter.
 19256 | Gauntlet | Found a runed translucent door.
 19264 | Gauntlet | Found a runed translucent gate.
 19265 | Gauntlet | Found a transporter.
 19265 | Gauntlet | Found a runed translucent gate.
 19266 | Gauntlet | Found a runed translucent gate.
 19279 | Gauntlet | Found a transporter.
 19300 | Gauntlet | Found a transporter.
 19323 | Gauntlet | Found a transporter.
 19519 | Gauntlet | Identified the Catalogue of the Snowflakes
 19681 | Gauntlet | Reached XP level 14. HP: 67/97 MP: 22/22
 19872 | Gauntlet | Gained mutation: You are dopey. (Int -2) [potion of
                  | mutation]
 19872 | Gauntlet | Gained mutation: You expend magic power (3 MP) to
                  | strengthen your wands. [potion of mutation]
 19872 | Gauntlet | Gained mutation: You are partially covered in molten
                  | scales. (AC +2) [potion of mutation]
 19879 | Gauntlet | Got a warped glass ring
 20293 | Gauntlet | HP: 2/97 [minotaur/silver javelin (22)]
 20293 | Gauntlet | Hit by a silver javelin thrown by a minotaur

Levels and vault maps discovered:
D:1:      tarquinn_simple_flora_water_f, layout_loops_cross, minmay_pentomino_s2
D:2:      layout_loops_ring, lemuel_coloured_pillars_altar, tgw_trog,
          minmay_misc_feat_ornament, st_stairs_3, columned_hall_lemuel,
          minmay_tripent, uniq_robin
D:3:      layout_loops_ring, doesnt_xom_only_xom, kennysheep_slug_shrine
D:4:      layout_rooms, minitemple, grunt_ministairs_6
D:5:      layout_basic, kennysheep_mini_moat,
          minmay_temple_entry_statues_pillars, first_ration
D:6:      layout_loops_ring, lemuel_crystal_altar, serial_shops, shop
D:7:      layout_gridville, lemuel_crystal_altar, the_bakery
D:8:      layout_loops_ring, minmay_lair_entry_grove, nrook_uturn
D:9:      layout_irregular_city, nicolae_ru_the_path_less_chosen, orc_0_dummy,
          gammafunk_ghost_arena, minmay_misc_feat_columns, st_stairs_9,
          guppyfry_shop_venom
D:10:     layout_long_grid, basic_altar, hangedman_decor_lopped,
          bh_walls_and_bars
D:11:     layout_roguey [special_room_bee], portal_ice_cave_entry_pillars_1
D:12:     layout_rooms
Lair:1:   layout_cave_pods, lemuel_centaur_altar
Lair:2:   layout_chaotic_city, gauntlet_entry_generic
Orc:1:    layout_caves, mines1_david
Orc:2:    grunt_orc_community_town_hall, layout_caves,
          grunt_orc_community_big_house_2, grunt_orc_community_big_house_2,
          grunt_orc_community_house_1, grunt_orc_community_house_1,
          grunt_orc_community_house_1, grunt_orc_community_house_3,
          serial_shops, shop_statue, basic_altar, uniq_snorg
Gauntlet: gammafunk_gauntlet_mixed_choke_point [minmay_gauntlet_arena_77_braids,
          minmay_gauntlet_arena_77_fan, minmay_gauntlet_arena_77_double_cross,
          gammafunk_gauntlet_arena_teeth, minmay_gauntlet_arena_77_checkered,
          minmay_gauntlet_arena_77_cramped, minmay_gauntlet_arena_77_run_for_it,
          gauntlet_exit_spiral]

Skill      XL: |  1  2  3  4  5  6  7  8  9 10 11 12 13 14 |
---------------+-------------------------------------------+-----
Polearms       | 3 4 5 6 7 |  7.6
Fighting       | 4 5 6 7 8 9 |  9.1
Dodging        | 4 5 6 7 8 9 |  9.5
Shields        | 4 5 6 7 8 9 |  9.6
Short Blades   | 2 5 7 8 |  8.5
Invocations    | 2 5 7 9 11 | 11.3
Poison Magic   | 3 5 6 |  6.0
Air Magic      | 2 4 5 |  5.0
Ice Magic      | 4 6 7 |  7.0
Spellcasting   | 2 |  2.9

Action                   |  1- 3 |  4- 6 |  7- 9 | 10-12 | 13-15 || total
-------------------------+-------+-------+-------+-------+-------++-------
Melee: Trident           |    64 |   181 |   116 |       |       ||   361
       Constrict         |    15 |    42 |    56 |    89 |    84 ||   286
       Tentacles         |     5 |    27 |    77 |   262 |   193 ||   564
       Club              |       |    47 |       |       |       ||    47
       Dagger            |       |       |   238 |   893 |   561 ||  1692
Invok: Upheaval          |       |       |       |    13 |    16 ||    29
       Disaster Area     |       |       |       |     1 |     1 ||     2
 Abil: Evoke Blink       |       |       |       |     4 |     1 ||     5
Evoke: Wand              |       |       |       |     8 |     5 ||    13
  Use: Potion            |       |     3 |     2 |     3 |    12 ||    20
       Scroll            |       |     7 |     3 |    13 |     7 ||    30
 Stab: Sleeping          |     6 |    19 |       |       |       ||    25
  Eat: Chunk             |       |    12 |    14 |    18 |    12 ||    56
       Ration            |       |       |     1 |     2 |     1 ||     4
Armor: Skin              |     1 |    29 |    28 |    72 |    25 ||   155
Dodge: Dodged            |    12 |    78 |    80 |   196 |   145 ||   511
       Repelled          |       |       |       |    11 |     8 ||    19
Block: Kite shield       |    16 |    72 |   211 |   625 |   441 ||  1365

Table legend:
 A = Non-vault XP
 B = Vault XP
 C = Vault XP percentage of total XP
 D = Non-vault monster count
 E = Vault monster count
 F = Vault count percentage of total count
                 A         B        C        D         E       F
            +---------+---------+-------+---------+---------+-------
      Total |   36964 |   19135 |  34.1 |     440 |     159 |  26.5
            +---------+---------+-------+---------+---------+-------
        D:1 |      89 |       3 |   3.3 |      34 |       2 |   5.6
        D:2 |      74 |      60 |  44.8 |      23 |      22 |  48.9
        D:3 |     124 |       4 |   3.1 |      25 |       1 |   3.8
        D:4 |     355 |      36 |   9.2 |      18 |       1 |   5.3
        D:5 |     873 |       0 |   0.0 |      34 |       0 |   0.0
        D:6 |     949 |       0 |   0.0 |      36 |       0 |   0.0
        D:7 |    1170 |     215 |  15.5 |      26 |       1 |   3.7
        D:8 |    1512 |    1999 |  56.9 |      11 |      12 |  52.2
        D:9 |    3936 |     419 |   9.6 |      36 |       5 |  12.2
       D:10 |    2298 |       0 |   0.0 |      27 |       0 |   0.0
       D:11 |    9219 |    1876 |  16.9 |      52 |      26 |  33.3
       D:12 |    3921 |       0 |   0.0 |      33 |       0 |   0.0
     Lair:1 |    2997 |     447 |  13.0 |      12 |       4 |  25.0
     Lair:2 |    2689 |       0 |   0.0 |      11 |       0 |   0.0
      Orc:1 |    4666 |       0 |   0.0 |      43 |       0 |   0.0
      Orc:2 |    2092 |    7706 |  78.6 |      19 |      67 |  77.9
      IceCv |       0 |    2773 | 100.0 |       0 |      10 | 100.0
   Gauntlet |       0 |    3597 | 100.0 |       0 |       8 | 100.0
            +---------+---------+-------+---------+---------+-------
